 Dungeon Crawl Stone Soup version 0.22.1-1-ga44c0e5 (webtiles) character file.

264 MalarOregon the Caller (level 6, -4/46 HPs)
             Began as a Merfolk Summoner on Nov 12, 2018.
             Killed by divine providence
             ... invoked by an orc priest
              (11 damage)
             ... on level 4 of the Dungeon.
             The game lasted 00:05:44 (3437 turns).

MalarOregon the Caller (Merfolk Summoner)           Turns: 3437, Time: 00:05:45

Health: -4/46      AC:  2    Str:  8    XL:     6   Next: 19%
Magic:  1/10       EV: 14    Int: 16    God:
Gold:   127        SH:  0    Dex: 15    Spells: 6/11 levels left

rFire    . . .     SeeInvis .   h - +0 trident
rCold    . . .     Gourm    .   (no shield)
rNeg     . . .     Faith    .   a - +0 robe
rPois    .         Spirit   .   (no helmet)
rElec    .         Reflect  .   (no cloak)
rCorr    .         Harm     .   (no gloves)
MR       .....                  (no boots)
Stlth    ++........             (no amulet)
HPRegen  0.15/turn              (no ring)
MPRegen  0.12/turn              (no ring)

@: drained
A: change form in water, swift swim, stealthy swim
a: no special abilities


You were on level 4 of the Dungeon.
You were not hungry.

You visited 1 branch of the dungeon, and saw 4 of its levels.

You collected 127 gold pieces.

Inventory:

Hand Weapons
 h - a +0 trident (weapon)
   (You found it on level 2 of the Dungeon)
Armour
 a - a +0 robe (worn)
Scrolls
 b - 2 scrolls of enchant weapon {unknown}
 d - 3 scrolls of remove curse {@r2}
 i - a scroll of fear {unknown}
 j - a scroll of identify {unknown}
Potions
 c - a potion of degeneration {unknown}
 g - a potion of curing {unknown}
 k - a potion of resistance {unknown}
Comestibles
 e - 7 rations {!d}
 f - 13 chunks of flesh


   Skills:
 + Level 2.7(2.5) Fighting
 + Level 2.3(2.2) Polearms
 + Level 4.6(4.4) Dodging
 - Level 2.1(2.0) Stealth
 + Level 3.2(3.1) Spellcasting
 + Level 4.9(4.7) Summonings


You had 6 spell levels left.
You knew the following spells:

 Your Spells              Type           Power        Failure   Level  Hunger
c - Call Canine Familiar  Summ           ###.....     8%          3    ###....
x - Call Imp              Summ           ###.....     4%          2    ##.....

Your spell library contained the following spells:

 Spells                   Type           Power        Failure   Level  Hunger
 Summon Small Mammal      Summ           ###.         2%          1    #......
 Summon Guardian Golem    Hex/Summ       ##......     21%         3    ###....
 Summon Ice Beast         Ice/Summ       ##......     56%         4    #####..
 Summon Lightning Spire   Summ/Air       ##......     56%         4    #####..


Dungeon Overview and Level Annotations

Branches:
Dungeon (4/15)
 Temple: D:4-7

Altars:
Dithmenos
Fedhas
Hepliaklqana
Sif Muna


Message History

Your hound barely misses the orc.
You swap places.
Your hound bites the orc.
The orc dies!
Your crimson imp hits the orc wizard.
The orc wizard misses your crimson imp.
Attack whom?
Aim: an orc priest, wielding a trident and wearing a ring mail You reach to attack!
You hit the orc priest.
Your hound closely misses the orc priest.
The orc priest hits you from afar with a trident.
* * * LOW HITPOINT WARNING * * *
Your crimson imp blinks!
Your crimson imp barely misses the orc priest.
Your hound barely misses the orc priest.
Your white imp hits the orc wizard.
Your white imp freezes the orc wizard.
The orc priest closely misses you.
Attack whom?
Aim: an orc priest, wielding a trident and wearing a ring mail (lightly You reach to attack!
You hit the orc priest but do no damage.
Your hound closely misses the orc priest.
Your crimson imp barely misses the orc priest.
Your hound closely misses the orc priest.
The orc wizard hits you but does no damage.
You feel drained. The orc priest misses you.
Your hound disappears in a puff of smoke!
Your crimson imp barely misses the orc priest.
Your white imp hits the orc wizard but does no damage.
The orc wizard hits your white imp with a dagger of draining.
The orc priest closely misses you.
Your crimson imp blinks!
The orc hits your white imp with a short sword.
Your white imp completely misses the orc.
You hit the orc wizard.
Your hound bites the orc wizard but does no damage.
Your crimson imp blinks!
The orc hits your white imp with a short sword.
Your white imp gestures at the orc.
The puff of frost hits the orc.
The orc dies!
The orc wizard misses you.
Your hound completely misses the orc wizard.
The orc priest hits you from afar with a trident!
* * * LOW HITPOINT WARNING * * *
Your hound barely misses the orc wizard.
Your white imp hits the orc wizard.
Your white imp freezes the orc wizard.
The orc wizard dies!
Your crimson imp completely misses the orc priest.
The orc priest mumbles some strange prayers to Beogh against you.
Beogh smites you!
You die...

. .........
............
...........# ### ######
...........# #.# .#...#
...........# #.##.#...#
.....(.....###..#.#...#
.............[....#)).#
............###..##o5.#
##.####..)[.# #.@.)5..#
.....##.....# #..h##..#
.....(#.....# #.......#
......#.....# ###.##.##
.._.........# ... ...
......#....## .#.#.#<#
......#....# #. ...# .
.....##....# #. #..
##.####....#


You could see an orc priest, a friendly hound, a friendly crimson imp and a
friendly white imp.

Vanquished Creatures
  An orc priest (D:2)
  5 adders
  2 oozes
  A dart slug (D:1)
  3 leopard geckos (D:3)
  3 orcs
  5 bats
  2 giant cockroaches
  4 goblins
  4 hobgoblins
  5 jackals
  2 quokkas
  A ball python (D:3)
  2 frilled lizards (D:1)
  6 rats
46 creatures vanquished.

Vanquished Creatures (collateral kills)
  An orc warrior (D:2)
  An ogre (D:4)
  An orc wizard (D:4)
  3 orcs (D:4)
  A giant cockroach (D:3)
  A hobgoblin (D:1)
  4 jackals
  A kobold (D:1)
13 creatures vanquished.

Grand Total: 59 creatures vanquished

Notes
Turn   | Place    | Note
-------+----------+-------------------------------------------
     0 | D:1      | MalarOregon the Merfolk Summoner began the quest for the
                  | Orb.
     0 | D:1      | Reached XP level 1. HP: 13/13 MP: 3/3
   777 | D:1      | Reached XP level 2. HP: 20/20 MP: 5/5
   924 | D:1      | Reached skill level 1 in Fighting
  1282 | D:1      | Reached XP level 3. HP: 26/26 MP: 6/6
  1333 | D:2      | Found a shadowy altar of Dithmenos.
  1478 | D:2      | Reached XP level 4. HP: 17/33 MP: 7/7
  1486 | D:2      | Noticed an orc warrior
  1834 | D:2      | Learned a level 2 spell: Call Imp
  1838 | D:2      | Learned a level 3 spell: Call Canine Familiar
  2040 | D:2      | Killed an orc warrior
  2040 | D:2      | Reached skill level 1 in Polearms
  2040 | D:2      | Reached XP level 5. HP: 10/38 MP: 0/9
  2931 | D:3      | Found a deep blue altar of Sif Muna.
  3209 | D:3      | Found a hazy altar of Hepliaklqana.
  3383 | D:4      | Found a blossoming altar of Fedhas.
  3403 | D:4      | Noticed an ogre
  3412 | D:4      | Killed an ogre
  3412 | D:4      | Reached XP level 6. HP: 32/46 MP: 2/10
  3437 | D:4      | Killed from afar by an orc priest

Skill      XL: |  1  2  3  4  5 |
---------------+----------------+-----
Dodging        | 3 4 |  4.6
Fighting       | 1 2 |  2.7
Polearms       | 1 2 |  2.3
Spellcasting   | 3 |  3.2
Stealth        | |  2.1
Summonings     | |  4.9

Action                   |  1- 3 |  4- 6 || total
-------------------------+-------+-------++-------
Melee: Unarmed           |    12 |       ||    12
       Short sword       |    43 |    15 ||    58
       Dagger            |     1 |       ||     1
       Trident           |       |   119 ||   119
 Cast: Summon Small Mamm |     5 |    16 ||    21
       Call Imp          |       |    11 ||    11
       Call Canine Famil |       |     8 ||     8
  Use: Scroll            |       |     2 ||     2
 Stab: Sleeping          |     3 |     9 ||    12
       Distracted        |       |     1 ||     1
  Eat: Chunk             |     2 |     8 ||    10
Armor: Robe              |     6 |    12 ||    18
Dodge: Dodged            |    24 |   102 ||   126
